 Dungeon Crawl Stone Soup version 0.23.2 (webtiles) character file.

Game seed: 10462481938199783140

10881 Peloso the Carver (level 11, -4/97 HPs)
             Began as a Minotaur Fighter on Apr 4, 2019.
             Was a High Priest of Okawaru.
             Slain by an unseen horror (6 damage)
             ... on level 11 of the Dungeon.
             The game lasted 00:22:25 (8469 turns).

Peloso the Carver (Minotaur Fighter)                Turns: 8469, Time: 00:22:25

Health: -4/97      AC: 17    Str: 27    XL:     11   Next: 42%
Magic:  4/10       EV:  8    Int:  5    God:    Okawaru [*****.]
Gold:   316        SH: 13    Dex: 12    Spells: 10/10 levels left

rFire    . . .     SeeInvis +   a - +0 long sword
rCold    . . .     Gourm    .   c - +0 shield
rNeg     . . .     Faith    .   H - +0 plate armour
rPois    +         Spirit   .   G - +1 hat {SInv}
rElec    .         Reflect  .   F - +0 cloak
rCorr    .         Harm     .   (no gloves)
MR       .....                  (no boots)
Stlth    ..........             o - amulet of regeneration
HPRegen  0.66/turn              v - ring of poison resistance
MPRegen  0.12/turn              (no ring)

@: mighty, about to teleport, marked
A: retaliatory headbutt, horns 2
a: Heroism, Finesse, Renounce Religion


You were on level 11 of the Dungeon.
You worshipped Okawaru.
Okawaru was extremely pleased with you.
You were not hungry.

You visited 2 branches of the dungeon, and saw 12 of its levels.

You collected 596 gold pieces.
You spent 280 gold pieces at shops.

Inventory:

Hand Weapons
 a - a +0 long sword (weapon)
Armour
 b - a +0 scale mail
 c - a +0 shield (worn)
 F - a +0 cloak (worn)
 G - a +1 hat of see invisible (worn)
 H - a +0 plate armour (worn)
Jewellery
 o - an amulet of regeneration (around neck)
 v - a ring of poison resistance (left hand)
 J - an uncursed amulet of magic regeneration
Wands
 s - a wand of paralysis (2)
 x - a wand of iceblast (8)
Scrolls
 h - a scroll of fog
 j - 3 scrolls of teleportation
 m - 3 scrolls of fear
 q - 4 scrolls of remove curse
 r - 2 scrolls of enchant weapon {unknown}
 w - a scroll of random uselessness {unknown}
 y - 2 scrolls of magic mapping {unknown}
 z - a scroll of enchant armour {unknown}
 E - a scroll of blinking
Potions
 e - 3 potions of heal wounds
 i - a potion of flight
 k - 5 potions of mutation
 n - 6 potions of curing
 p - 2 potions of haste
 t - a potion of cancellation
 u - 2 potions of berserk rage
 A - a potion of resistance
 B - 3 potions of agility
 C - a potion of ambrosia
 D - a potion of brilliance
 I - a potion of magic
Comestibles
 f - 27 rations


   Skills:
 + Level 9.4 Fighting
 + Level 12.2 Long Blades
 + Level 10.4 Armour
 + Level 3.3 Dodging
 + Level 1.2 Stealth
 + Level 11.4 Shields
 + Level 2.7 Unarmed Combat
 + Level 0.6 Invocations


You had 10 spell levels left.
You didn't know any spells.
Your spell library was empty.

Dungeon Overview and Level Annotations

Branches:
Dungeon (11/15)            Temple (1/1) D:4
   Lair: D:8-11         Orc: D:9-12

Altars:
Ashenzari
Cheibriados
Dithmenos
Elyvilon
Fedhas
Gozag
Hepliaklqana
Kikubaaqudgha
Makhleb
Nemelex Xobeh
Okawaru
Qazlal
Ru
Sif Muna
Trog
Uskayaw
Vehumet
Wu Jian
Xom
Yredelemnul
Zin
The Shining One

Shops:
D:7 !   D:9 *

Annotations:
D:9 3 runed translucent doors, Freyura's ghost, novice GrFi
D:11 Snorg


Innate Abilities, Weirdness & Mutations

You reflexively headbutt those who attack you in melee.
You have a pair of horns on your head.


Message History

You block the unseen horror's attack. Snorg bites you.
* * * LOW HITPOINT WARNING * * *
You block Snorg's attack. Snorg claws you!
* * * LOW HITPOINT WARNING * * *
The unseen horror hits you but does no damage.
Okay, then.
As you read the scroll of teleportation, it crumbles to dust.
You feel strangely unstable.
The unseen horror hits you but does no damage.
The unseen horror barely misses you. You furiously retaliate!
You headbutt the unseen horror! The unseen horror closely misses you.
The unseen horror hits you but does no damage.
Snorg bites you!
* * * LOW HITPOINT WARNING * * *
Snorg claws you but does no damage. Snorg barely misses you.
The unseen horror hits you but does no damage.
An orc warrior comes into view. It is wielding a +0 flail.
An ogre comes into view. It is wielding a +0 giant spiked club.
The unseen horror hits you.
You die...

#... #.....# ##
##...####....$####
O.#####...............%.
..........#.............
..FZ....................
........................
.............)).........
......x......)).<.......
.....Gx@(..(...(((......
......T...(..((...(....)
(...Oo................))
....o......###...##...#.
......#..........#######
.....##..........# .....
##......#### o#...
########


You could see Snorg (berserk), an eye of draining, 2 unseen horrors, an orc
warrior, 2 ogres, a bullfrog, 2 orcs and a centaur warrior skeleton.

Vanquished Creatures
  Gastronok (D:8)
  Harold (D:11)
  Sonja (D:10)
  A manticore (D:10)
  Maurice (D:8)
  A queen bee (D:10)
  2 hippogriffs
  2 hungry ghosts
  3 yaks (D:10)
  Menkaure (D:4)
  Duvessa (D:5)
  A water moccasin (D:9)
  3 orc warriors
  A hornet zombie (D:11)
  3 sky beasts
  3 black bears
  An ice beast (D:7)
  8 ogres
  A phantom (D:6)
  A centaur (D:10)
  Blork the orc (D:5)
  3 big kobolds
  5 bullfrogs
  Dowan (D:5)
  6 scorpions
  35 killer bees
  2 howler monkeys
  4 crimson imps
  5 jellies
  2 quasits
  A centaur zombie (D:10)
  2 hounds
  2 orc priests (D:4)
  5 iguanas
  5 orc wizards
  11 worker ants
  A hound skeleton (D:5)
  7 gnolls
  A howler monkey skeleton (D:4)
  13 adders
  3 shadow imps
  A white imp (D:5)
  An adder zombie (D:8)
  5 adder skeletons
  7 worms
  A dart slug (D:1)
  3 leopard geckos
  21 orcs
  2 ball pythons
  8 giant cockroaches
  6 goblins
  9 hobgoblins
  7 jackals
  8 quokkas
  5 bats
  7 frilled lizards
  A giant cockroach zombie (D:5)
  18 kobolds
  11 rats
273 creatures vanquished.

Notes
Turn   | Place    | Note
-------+----------+-------------------------------------------
     0 | D:1      | Peloso the Minotaur Fighter began the quest for the Orb.
     0 | D:1      | Reached XP level 1. HP: 19/19 MP: 0/0
    31 | D:1      | Reached XP level 2. HP: 17/27 MP: 1/1
   136 | D:1      | Reached XP level 3. HP: 26/33 MP: 2/2
   774 | D:2      | Reached skill level 3 in Long Blades
   774 | D:2      | Reached XP level 4. HP: 30/41 MP: 3/3
   847 | D:2      | Found a deep blue altar of Sif Muna.
   941 | D:2      | Found a glowing silver altar of Zin.
  1019 | D:3      | Found a radiant altar of Vehumet.
  1070 | D:3      | You fall through a shaft for 3 floors!
  1157 | D:6      | Noticed an ogre
  1162 | D:6      | Killed an ogre
  1162 | D:6      | Reached skill level 4 in Long Blades
  1162 | D:6      | Reached XP level 5. HP: 17/47 MP: 4/4
  1260 | D:6      | Noticed a black bear
  1264 | D:6      | Killed a black bear
  1264 | D:6      | Reached XP level 6. HP: 45/55 MP: 5/5
  1286 | D:6      | Reached skill level 5 in Fighting
  1286 | D:6      | Reached skill level 5 in Shields
  1326 | D:6      | Reached skill level 5 in Long Blades
  1326 | D:6      | Reached skill level 5 in Armour
  1326 | D:6      | Reached skill level 1 in Dodging
  1373 | D:6      | Noticed an orc warrior
  1400 | D:6      | Killed an orc warrior
  1400 | D:6      | Reached XP level 7. HP: 18/61 MP: 6/6
  1402 | D:6      | Reached skill level 6 in Long Blades
  2040 | D:5      | Entered Level 5 of the Dungeon
  2169 | D:5      | Reached skill level 7 in Long Blades
  2170 | D:5      | Found a sparkling altar of Nemelex Xobeh.
  2308 | D:5      | Reached XP level 8. HP: 65/70 MP: 7/7
  2384 | D:5      | Noticed Duvessa
  2398 | D:5      | Killed Duvessa
  2400 | D:5      | Noticed Dowan
  2408 | D:5      | Killed Dowan
  2697 | D:5      | Noticed Blork the orc
  2702 | D:5      | Killed Blork the orc
  2819 | D:5      | Found a basalt altar of Yredelemnul.
  2995 | D:5      | Reached skill level 8 in Long Blades
  3192 | D:4      | Found a staircase to the Ecumenical Temple.
  3205 | Temple   | Entered the Ecumenical Temple
  3521 | D:4      | Found a bloodstained altar of Trog.
  3551 | D:4      | Noticed Menkaure
  3559 | D:4      | Killed Menkaure
  3687 | D:4      | Reached XP level 9. HP: 79/79 MP: 8/8
  4014 | D:3      | Found an iron altar of Okawaru.
  4027 | D:3      | Became a worshipper of Warmaster Okawaru
  4146 | D:3      | Reached skill level 9 in Long Blades
  4541 | D:7      | Found a glowing golden altar of the Shining One.
  4852 | D:7      | Found Witriz's Distillery.
  4860 | D:7      | Bought a potion of heal wounds for 70 gold pieces
  4860 | D:7      | Bought a potion of agility for 56 gold pieces
  4860 | D:7      | Bought a potion of might for 56 gold pieces
  4860 | D:7      | Bought a potion of lignification for 42 gold pieces
  4860 | D:7      | Bought a potion of brilliance for 56 gold pieces
  5040 | D:7      | Found a glowing golden altar of the Shining One.
  5183 | D:7      | Found an ornate altar of the Wu Jian Council.
  5444 | D:8      | Found a stormy altar of Qazlal.
  5474 | D:8      | Noticed Maurice
  5603 | D:8      | Killed Maurice
  5603 | D:8      | Reached * piety under Okawaru
  5603 | D:8      | Reached skill level 1 in Stealth
  5617 | D:8      | Noticed Gastronok
  5664 | D:7      | Reached skill level 10 in Long Blades
  5664 | D:7      | Reached skill level 1 in Unarmed Combat
  5955 | D:8      | Killed Gastronok
  5955 | D:8      | Reached ** piety under Okawaru
  5955 | D:8      | Reached *** piety under Okawaru
  5955 | D:8      | Reached XP level 10. HP: 54/88 MP: 7/9
  6166 | D:9      | Found a runed translucent gate.
  6166 | D:9      | Found a runed translucent gate.
  6166 | D:9      | Found an opulent altar of Gozag.
  6166 | D:9      | Found a runed translucent gate.
  6167 | D:9      | Noticed Freyura's ghost (novice GrFi)
  6168 | D:9      | Noticed a yaktaur captain
  6169 | D:9      | Found Guasilolou's Assorted Antiques.
  6230 | D:9      | Found a shimmering altar of Xom.
  6231 | D:9      | Found a shimmering altar of Xom.
  6231 | D:9      | Found a shimmering altar of Xom.
  6232 | D:9      | Found a shimmering altar of Xom.
  6232 | D:9      | Found a shimmering altar of Xom.
  6232 | D:9      | Found a shimmering altar of Xom.
  6232 | D:9      | Found a shimmering altar of Xom.
  6272 | D:9      | Reached **** piety under Okawaru
  6365 | D:9      | Reached skill level 11 in Long Blades
  6389 | D:9      | Found a shadowy altar of Dithmenos.
  6582 | D:9      | Found a white marble altar of Elyvilon.
  6999 | D:10     | Entered Level 10 of the Dungeon
  7059 | D:10     | Received a gift from Okawaru
  7089 | D:10     | Reached skill level 10 in Shields
  7446 | D:10     | Noticed a manticore
  7459 | D:10     | Killed a manticore
  7459 | D:10     | Reached skill level 10 in Armour
  7459 | D:10     | Reached XP level 11. HP: 29/97 MP: 10/10
  7589 | D:10     | Noticed Sonja
  7596 | D:10     | Killed Sonja
  7596 | D:10     | Reached ***** piety under Okawaru
  8372 | D:11     | Reached skill level 12 in Long Blades
  8395 | D:11     | Noticed Harold
  8452 | D:11     | Noticed Snorg
  8461 | D:11     | Noticed an unseen horror
  8462 | D:11     | Killed Harold
  8462 | D:11     | Received a gift from Okawaru
  8464 | D:11     | Noticed an unseen horror
  8469 | D:11     | HP: 2/97 [Snorg (12)]
  8469 | D:11     | Slain by an unseen horror

Skill      XL: |  1  2  3  4  5  6  7  8  9 10 11 |
---------------+----------------------------------+-----
Armour         | 4 5 6 8 10 | 10.4
Fighting       | 4 5 7 8 9 |  9.4
Shields        | 4 5 6 7 9 10 11 | 11.4
Long Blades    | 3 4 5 7 8 10 11 12 | 12.2
Dodging        | 1 3 |  3.3
Stealth        | 1 |  1.2
Unarmed Combat | 2 |  2.7
Invocations    | |  0.6

Action                   |  1- 3 |  4- 6 |  7- 9 | 10-12 || total
-------------------------+-------+-------+-------+-------++-------
Melee: Long sword        |   119 |    61 |   420 |   414 ||  1014
       Headbutt          |    16 |    14 |   102 |    76 ||   208
       Unarmed           |       |       |    16 |       ||    16
Invok: Heroism           |       |       |     2 |     5 ||     7
Evoke: Wand              |       |       |       |     1 ||     1
  Use: Potion            |       |     2 |     1 |     4 ||     7
       Scroll            |       |       |    10 |     8 ||    18
 Stab: Paralysed         |       |       |       |     2 ||     2
  Eat: Chunk             |       |     1 |    12 |     6 ||    19
       Ration            |       |       |     1 |     3 ||     4
Armor: Scale mail        |    23 |       |       |       ||    23
       Chain mail        |    43 |    40 |   114 |       ||   197
       Plate armour      |       |       |    27 |   208 ||   235
       Skin              |       |       |     6 |       ||     6
Dodge: Dodged            |    35 |    17 |    86 |   133 ||   271
Block: Shield            |    73 |    32 |   219 |   328 ||   652
       Rpst.: Long sword |     9 |     7 |    23 |    31 ||    70
